 Dungeon Crawl Stone Soup version 0.31.0-32-g396128a36d (webtiles) character file.

Game seed: 14953569424808779727

26 spaghetti the Trooper (level 3, -1/36 HPs)
             Began as a Naga Chaos Knight on Mar 9, 2024.
             Was a Plaything of Xom.
             Frozen to death by an endoplasm (5 damage)
             ... on level 1 of the Dungeon.
             The game lasted 00:00:52 (288 turns).

spaghetti the Trooper (Naga Chaos Knight)            Turns: 288, Time: 00:00:52

Health: -1/36      AC:  4    Str: 14    XL:     3   Next: 8%
Magic:  3/3        EV:  9    Int: 14    God:    Xom [..*...]
Gold:   23         SH:  0    Dex: 10    Spells: 2/2 levels left

rFire   . . .        a - +0 spear (chaos)
rCold   . . .        (no shield)
rNeg    . . .        b - +2 leather armour
rPois   +            (no helmet)
rElec   .            (no cloak)
rCorr   .            (no gloves)
SInv    +            (no barding)
Will    +....        (no amulet)
Stlth   +            d - ring of willpower
HPRegen 0.26/turn    (no ring)
MPRegen 0.08/turn

%: no passive effects
@: very slow
A: AC +1, large, see invisible, deformed body, poison resistance, slowness 2,
spit poison 1, naga tail 1
a: Spit Poison, Renounce Religion


You were on level 1 of the Dungeon.
You worshipped Xom.
You were a toy of Xom.
You visited 1 branch of the dungeon, and saw 1 of its levels.

You collected 23 gold pieces.

Inventory:

Hand Weapons
 a - a +0 spear of chaos (weapon)
 f - a +1 dagger of pain
Armour
 b - a +2 leather armour (worn)
Jewellery
 d - a ring of willpower (left hand)
Scrolls
 c - a scroll of butterflies
 e - 2 scrolls of fear {unknown}


   Skills:
 + Level 4.1 Fighting
 - Level 3.0 Polearms
 - Level 1.5 Armour
 - Level 0.7 Dodging


You had 2 spell levels left.
You didn't know any spells.
Your spell library contained the following spells:

 Spells                   Type           Power      Damage    Failure   Level
 Freeze                   Ice            0%         1d3       34%         1
 Frozen Ramparts          Ice            0%         1d1       71%         3
 Hailstorm                Conj/Ice       0%         3d5       71%         3


Dungeon Overview and Level Annotations

Branches:
Dungeon (1/15)

Altars:


Innate Abilities, Weirdness & Mutations

Your serpentine skin is tough. (AC +1)
You have supernaturally acute eyesight. (SInv)
Armour fits poorly on your strangely shaped body.
Your system is resistant to poisons. (rPois)
You cover ground very slowly.
You can spit poison.
You have a snake-like lower body.


Message History

You have got your breath back.
The endoplasm attacks as it pursues you!
The endoplasm completely misses you.
The rat twitches its whiskers.
The endoplasm freezes you.
You are frozen.
* * * LOW HITPOINT WARNING * * *
You barely miss the endoplasm. The endoplasm freezes you.
You are frozen.
* * * LOW HITPOINT WARNING * * *
You hit the endoplasm but do no damage.
The endoplasm seems to speed up.
Xom is highly amused!
The endoplasm completely misses you.
You aren't carrying any potions.
Aiming: Spit Poison (2% risk of failure)
Press: ? - help, Shift-Dir - straight line, f/p - endoplasm
Aim: an endoplasm (fast, 97% to hit)
The splash of poison hits the endoplasm.
The endoplasm is moderately wounded.
The endoplasm freezes you.
You are frozen.
* * * LOW HITPOINT WARNING * * *
Unknown command.
Unknown command.
You completely miss the endoplasm.
The endoplasm is moderately wounded.
The endoplasm barely misses you. The endoplasm closely misses you.
You hit the endoplasm but do no damage.
The endoplasm is moderately wounded.
The endoplasm hits you but does no damage.
You hit the endoplasm but do no damage.
The endoplasm is moderately wounded.
The endoplasm hits you but does no damage. x2
You hit the endoplasm. You burn the endoplasm.
The endoplasm is almost dead.
You have got your breath back.
The endoplasm freezes you.
You are frozen.
You die...

.$...# #.....# #.....#
#.....# #..†..### ###
#........
.....####r....##.#
#...@Jr.......# #
######.....##. ##.
#######...[.....
#..######...............
#..............##.......
##.............###.##....
#................... ....
#................#### ...
#...............## ..


You could see an endoplasm (fast) and 2 rats.

Vanquished Creatures
  2 dart slugs (D:1)
  4 ball pythons (D:1)
  An endoplasm (D:1)
  A goblin (D:1)
  6 jackals (D:1)
  A quokka (D:1)
  A frilled lizard (D:1)
  2 kobolds (D:1)
  A rat (D:1)
19 creatures vanquished.

Notes
Turn   | Place    | Note
-------+----------+-------------------------------------------
     0 | D:1      | spaghetti the Naga Chaos Knight began the quest for the
                  | Orb.
     0 | D:1      | Reached XP level 1. HP: 21/21 MP: 1/1
    27 | D:1      | XOM: silly message
    37 | D:1      | Reached XP level 2. HP: 24/28 MP: 2/2
    39 | D:1      | Found a faded altar of an unknown god.
   200 | D:1      | XOM: potion effect (brilliance)
   253 | D:1      | Reached skill level 4 in Fighting
   272 | D:1      | Reached XP level 3. HP: 33/36 MP: 3/3
   274 | D:1      | XOM: divination: detect creatures
   288 | D:1      | Frozen to death by an endoplasm

Illustrated notes

Levels and vault maps discovered:
D:1:      minmay_arrival_glassed_features, layout_rooms,
          hellmonk_ecumenical_altar_dog_temple,
          hangedman_abyss_or_decor_lesser_grid

Skill      XL: |  1  2 |
---------------+-------+-----
Fighting       | 4 |  4.1
Polearms       | |  3.0
Armour         | |  1.5
Dodging        | |  0.7

Action                     || total
---------------------------++-------
  Melee: Spear             ||    55
         Punch             ||     1
Ability: Spit Poison       ||     3
   Stab: Confused          ||     1
         Paralysed         ||     1
 Armour: Leather armour    ||    40
  Dodge: Dodged            ||    33
